AoeStats
← mexgags

Black Forest

509943106Analyzed
2v2 RM · 3d ago on Sep 28, 2026· 28m 15s· 4 players
Game mode
Random Map
Map size
Medium (4 player)
Population
200
Speed
Normal
Resources
Standard
Victory
Conquest
Starting age
Dark Age
Ending age
Imperial Age
RankedLock teamsTeams togetherTeam positionsShared explorationLock speedFull tech treeHidden civsTurbo modeCheats
Victory
Defeat
🇧🇪 Burgundians · Belgium
735
+14
🇧🇪 Cumans · Belgium
704
+14
🇩🇪 Cumans · Germany
685
-14
🇩🇪 Huns · Germany
684
-14
mexgags
0:34 Loom
11:34 Feudal Age
12:14 Double-Bit Axe
13:08 Wheelbarrow
12:38 Horse Collar
14:01 Town Watch
20:47 Scale Barding Armor
20:53 Forging
27:07 Castle Age
25:41 Bloodlines
25:37 Padded Archer Armor
25:27 Fletching
Heinrich Hungrig
0:51 Loom
13:20 Feudal Age
14:06 Double-Bit Axe
14:03 Horse Collar
18:44 Castle Age
sixmonts1985
10:41 Feudal Age
11:12 Horse Collar
11:21 Double-Bit Axe
13:45 Wheelbarrow
17:53 Gold Mining
22:41 Castle Age
23:45 Hand Cart
23:23 Capped Ram
25:41 Man-at-Arms
26:29 Long Swordsman
26:30 Pikeman
Cyp
0:43 Loom
7:25 Wheelbarrow
6:53 Horse Collar
13:44 Feudal Age
12:41 Double-Bit Axe
13:37 Gold Mining
14:25 Heavy Plow
15:12 Town Watch
17:24 Forging
18:58 Scale Mail Armor
26:12 Arson
26:34 Gold Mining
Connection lost

Rejoining the realm…

Still unreachable

The connection could not be restored.

Session expired

The server has moved on; the page needs a fresh start.